Unix NetHack Version 5.0.0-0 post-release - last build Jun 10 2026 00:39:30 (3ee93aec679c4c4259841fe613dc97188e26a321,branch:main).

Game began 2026-06-16 02:44:32, ended 2026-06-16 04:55:32.

CyberFan, chaotic male human Monk

                                                  ------------
                                                  |....%.....-#          -----
               ----------                         |..........|##        #%)\.|
              #.........-                         |..........| ###      #|%).|
               |........|            #####        |..........|   #      #|...|
 -----         |...<....|                #####    -------.----   #      % .%[|
 |...|         |........|              ----- #           #       #      # ----
 |.>.|         |........|              |...| #           #       #      ##
 |...|    #####.....`....              |....%##%###### ###       #       #
 |....#####    ----------              ....| #0 -----|-|-----    #       ##
 -.---              #                  -----### |...........|    #        ##
  ##############################################............|    #   ------#
                                              ##|...........|    ####|....|#
                                                |...........|       v.....|#
                                                ............|        |....|#
                                                -------------        |....|#
                                                                     |....|#
                                                                     |.....#
                                                                     ------

CyberFan the Initiate           St:16 Dx:13 Co:16 In:11 Wi:16 Ch:10  Chaotic
Dlvl:12 $:4579 HP:0(76) Pw:45(45) AC:-5 Xp:9/4873 T:9198 

Latest messages:
 The forest centaur hits!
 The forest centaur kicks!
 You hit the forest centaur!
 You kill the forest centaur!
 There are several objects here.
 In what direction?
 Loot in what direction?
 Never mind.
 In what direction?
 Never mind.
 In what direction?
 Loot in what direction?
 Never mind.
 There are several objects here.
 You swap places with your invisible large cat.
 In what direction?
 Your knapsack cannot accommodate any more items.
 What do you want to drop? [$a-zA-Z or ?*]
 You drop 2 uncursed oranges.
 In what direction?
 h - a scroll labeled DUAM XNAHT.
 You swap places with your invisible large cat.
 There are several objects here.
 Where do you want to travel to?
 (For instructions type a '?')
 Where do you want to travel to?
 (For instructions type a '?')
 You swap places with your invisible large cat.
 You hit the tiger!
 The tiger hits!
 The tiger hits again!
 The tiger misses!
 You hit the tiger!
 The tiger hits!
 The tiger hits again!
 The tiger misses!
 You kill the tiger!
 You see here a tiger corpse.
 The shocking sphere explodes!
 Boom!
 You are caught in the shocking sphere's explosion!
 Your curved wand breaks apart and explodes!
 Where do you want to travel to?
 (For instructions type a '?')
 The energy vortex engulfs you!
 You hit the energy vortex.
 You are jolted with electricity!
 You hit the energy vortex.
 You are jolted with electricity!
 You die...

Inventory:
 Coins    ('$')
  $ - 4579 gold pieces
 Amulets  ('"')
  i - an uncursed amulet of reflection (being worn)
 Armor    ('[')
  P - an uncursed burnt rotted +6 elven leather helm (being worn)
  a - an uncursed +2 pair of leather gloves (being worn)
  x - an uncursed rusty +0 pair of iron shoes (being worn)
  E - an uncursed +1 cloak of protection
  n - an uncursed rotted +4 robe (being worn)
 Comestibles  ('%')
  g - 5 uncursed apples
  f - 10 uncursed food rations
  s - an uncursed lizard corpse
 Scrolls  ('?')
  h - a blessed scroll of amnesia
  K - a blessed scroll of confuse monster
  v - an uncursed scroll of confuse monster
  J - an uncursed scroll of create monster
  X - an uncursed scroll of destroy armor
  u - an uncursed scroll of enchant weapon
  W - a cursed scroll of fire
  c - a blessed scroll of teleportation
  l - 5 uncursed scrolls of teleportation
 Potions  ('!')
  O - an uncursed potion of full healing
  L - an uncursed potion of gain energy
  e - a blessed potion of healing
  d - an uncursed potion of healing
  F - a blessed potion of object detection
  T - an uncursed potion of paralysis
  H - 2 uncursed potions of water
 Rings    ('=')
  Q - an uncursed ring of aggravate monster
  p - an uncursed ring of cold resistance
  j - an uncursed ring of protection from shape changers
  b - an uncursed ring of regeneration
  Y - an uncursed ring of searching
  B - an uncursed ring of see invisible
 Wands    ('/')
  I - an uncursed wand of create monster (0:14)
  q - an uncursed wand of fire (0:5)
  m - an uncursed wand of light (0:14)
  U - an uncursed wand of lightning (0:4)
  S - an uncursed wand of locking (0:7)
  t - an uncursed wand of polymorph (0:6)
  y - an uncursed wand of stasis (0:2)
  V - an uncursed wand of teleportation (0:3)
 Tools    ('(')
  N - an uncursed blindfold
  R - an uncursed magic marker (0:23)
  r - an uncursed magic whistle
  k - an uncursed oil lamp
  D - an uncursed skeleton key
  Z - an uncursed +0 unicorn horn
 Gems/Stones  ('*')
  M - 5 uncursed worthless pieces of black glass
  o - an uncursed worthless piece of red glass
  w - 2 uncursed worthless pieces of white glass
  C - 2 uncursed worthless pieces of yellow glass
  A - an uncursed worthless piece of yellowish brown glass
  G - an uncursed touchstone

CyberFan the Monk's attributes:

Background:
 You were an Initiate, a level 9 male human Monk.
 You were chaotic, on a mission for Huan Ti
 who was opposed by Shan Lai Ching (lawful) and Chih Sung-tzu (neutral).
 You were left-handed.
 You were in the Dungeons of Doom, on level 12.
 You entered the dungeon 9198 turns ago.
 It was nighttime.
 There was a new moon in effect when your adventure ended.
 You had 4873 experience points, 247 more were needed to attain level 10.

Basics:
 You had 0 out of 76 hit points.
 You had all 45 energy points (spell power).
 Your armor class was -5.
 Your wallet contained 4579 zorkmids.
 Autopickup was on for '$%?!"=/*' plus thrown, with exceptions.

Final Characteristics:
 Your strength was 16 (limit:18/100).
 Your dexterity was 13 (limit:18).
 Your constitution was 16 (limit:18).
 Your intelligence was 11 (limit:18).
 Your wisdom was 16 (limit:18).
 Your charisma was 10 (limit:18).

Final Status:
 You were engulfed by the energy vortex.
 You weren't hungry.
 You were unencumbered.
 You were empty handed.
 You had master skill with martial arts.

Final Attributes:
 You were piously aligned.
 You were sleep resistant.
 You were poison resistant.
 You saw invisible.
 You were warned.
 You had automatic searching.
 You were stealthy.
 You were guarded.
 Your spell casting was enhanced by wearing a robe.
 You were fast.
 You had reflection.
 You are dead.

Miscellaneous:
 You disabled loading and storing of bones levels.
 Total elapsed playing time was 1 hour, 30 minutes and 6 seconds.

Major events:
 Turn
    1: CyberFan the chaotic male human Monk entered the dungeon
 1118: attained the rank of Novice (level 3)
 1385: entered the Gnomish Mines
 2171: entered Sokoban
 2590: completed 1st Sokoban level
 3256: completed 2nd Sokoban level
 3298: attained the rank of Initiate (level 6)
 4065: reached Mine Town
 6042: completed 3rd Sokoban level
 7246: completed 4th Sokoban level
 7398: acquired the Sokoban amulet of reflection
 9198: killed by an energy vortex

Spells:
 Name                 Level Category     Fail Retention
 protection             1   clerical       0%   51%-75%
 knock                  1   matter         0%   51%-75%
 healing                1   healing        0%   51%-60%
 light                  1   divination     0%   51%-75%

Skills:
 Fighting Skills
   martial arts       [Master]
 Weapon Skills
   quarterstaff       [Unskilled]
   spear              [Unskilled]
   crossbow           [Unskilled]
   shuriken           [Unskilled]
 Spellcasting Skills
   attack spells      [Unskilled]
   healing spells     [Basic]
   divination spells  [Unskilled]
   enchantment spells [Unskilled]
   clerical spells    [Unskilled]
   escape spells      [Unskilled]
   matter spells      [Unskilled]

Voluntary challenges:
 Character rerolling was not enabled.
 You were vegetarian.
 You never hit with a wielded weapon.
 You never genocided any monsters.
 You never polymorphed an object.
 You never changed form.
 You used no wishes.
 You violated the special Sokoban rules 5 times.
Achievements:
 You entered a shop.
 You attained the rank of Novice.
 You entered the Gnomish Mines.
 You entered Sokoban.
 You attained the rank of Initiate.
 You entered Minetown.
 You entered a temple.
 You completed Sokoban.

 The Dungeons of Doom: levels 1 to 13
    Level 1:
    Level 2:
       An armor shop, some fountains.
    Level 3:
       A general store, many fountains.
       Stairs down to The Gnomish Mines.
    Level 4:
       Some fountains.
    Level 5:
    Level 6:
       Many fountains.
       Oracle of Delphi.
    Level 7:
       Stairs up to Sokoban, level 6.
    Level 8:
    Level 9:
    Level 10:
       A fountain.
    Level 11:
    Level 12: <- You were here.
       A throne.
       Final resting place for
          you, killed by an energy vortex.
    Level 13:
       Summoned by the Grand Master.
 The Gnomish Mines: levels 4 to 6
    Level 4:
    Level 5:
    Level 6:
       Many shops, a temple and an altar, some fountains.
 Sokoban: levels 6 up to 3
    Level 3:
       Solved.
    Level 4:
       Solved.
    Level 5:
       Solved.
    Level 6:
       Solved.


Vanquished creatures:
  2 giant mimics
  2 large mimics
  2 stalkers
  a warg
  a small mimic
  a warhorse
  a quantum mechanic
  3 gelatinous cubes
  2 large dogs
  a freezing sphere
  a flaming sphere
  a shocking sphere
  a tiger
  2 gargoyles
  3 Grey-elves
  2 chameleons
  a crocodile
  a giant beetle
  a cockatrice
  2 wolves
  a lynx
  4 leprechauns
  2 iron piercers
  a mumak
  2 horses
  3 black lights
  a vampire bat
  a forest centaur
  2 gnome rulers
  a brown pudding
  2 owlbears
  a yeti
  a werewolf
  5 lizards
  3 jaguars
  a dwarf leader
  2 gray unicorns
  a plains centaur
  a snake
 an ape
  2 human zombies
  a soldier ant
  a bugbear
  a quasit
  3 wood nymphs
  2 Mordor orcs
  2 Uruk-hai
  2 orc shamans
  a rock piercer
  3 rock moles
  2 yellow lights
  2 shriekers
  a violet fungus
  4 gnome leaders
  3 gnomish wizards
  a kobold mummy
  a golden naga hatchling
  a gray ooze
 an elf zombie
  a ghoul
  a straw golem
  8 giant ants
  a little dog
  5 floating eyes
  2 kittens
  9 dwarves
  a homunculus
  a kobold leader
  a hill orc
  8 rothes
  a rabid rat
  3 giant bats
  a monkey
  2 orc zombies
  a dwarf zombie
  a wererat
  a werejackal
  6 iguanas
  4 killer bees
  2 acid blobs
  7 coyotes
  2 gas spores
  3 hobbits
  2 manes
  6 hobgoblins
  6 giant rats
  5 cave spiders
  a brown mold
  a yellow mold
  2 green molds
  a red mold
 25 gnomes
  4 geckos
  7 jackals
  2 foxes
  2 kobolds
  a goblin
  a sewer rat
 13 grid bugs
  9 lichens
  2 kobold zombies
 13 newts
276 creatures vanquished.

No species were genocided or became extinct.

Game over:
                       ----------
                      /          \
                     /    REST    \
                    /      IN      \
                   /     PEACE      \
                  /                  \
                  |     CyberFan     |
                  |     4579 Au      |
                  |   killed by an   |
                  |  energy vortex   |
                  |                  |
                  |                  |
                  |       2026       |
                 *|     *  *  *      | *
        _________)/\\_//(\/(/\)/\//\/|_)_______

Goodbye CyberFan the Monk...

You died in The Dungeons of Doom on dungeon level 12 with 24364 points,
and 4579 pieces of gold, after 9198 moves.
You were level 9 with a maximum of 76 hit points when you died.

